AoeStats
← 风吹的味道

Nomad

507367251Analyzed
4v4 RM · 16d ago on Sep 17, 2026· 44m 20s· 8 players
Game mode
Random Map
Map size
231×231
Population
200
Speed
Normal
Resources
Standard
Victory
Conquest
Starting age
Dark Age
Ending age
Imperial Age
RankedLock teamsTeams togetherTeam positionsShared explorationLock speedFull tech treeHidden civsTurbo modeCheats
Victory
Defeat
🇨🇳 Mongols · China
1621
+7
🇯🇵 Vietnamese · Japan
1481
+11
🇨🇳 Italians · China
1425
+13
🇨🇳 Persians · China
1004
+29
🇺🇸 Spanish · United States
1386
-15
🇦🇺 Persians · Australia
1386
-16
🇪🇸 Dravidians · Spain
1348
-15
🇦🇹 Khmer · Austria
1340
-14
风吹的味道
5:26 Loom
15:46 Feudal Age
16:50 Gold Mining
16:49 Fishing Lines
19:16 Castle Age
17:36 Double-Bit Axe
20:10 Medium Warships
20:14 Bow Saw
20:52 Wheelbarrow
23:35 Clinker Construction
23:49 Careening
23:50 Gillnets
24:46 Forging
28:41 Hand Cart
29:35 Town Watch
29:32 Horse Collar
31:10 Treadmill Crane
36:35 Imperial Age
37:32 Imperial Age
35:48 Husbandry
35:58 Bloodlines
36:22 Scale Barding Armor
36:19 Chatras
36:50 Horse Collar
38:33 Guilds
39:28 Two-Man Saw
39:28 Heavy Plow
39:33 Town Patrol
41:25 Elite Battle Elephant
42:36 Chain Barding Armor
42:52 Iron Casting
43:54 Plate Barding Armor
晚辞
5:07 Loom
13:19 Feudal Age
14:00 Double-Bit Axe
14:30 Gold Mining
17:12 Horse Collar
23:19 Castle Age
24:35 Bow Saw
28:36 Wheelbarrow
27:59 Stone Mining
30:54 Imperial Age
30:20 Ballistics
31:05 Fletching
34:07 Bodkin Arrow
37:29 Conscription
39:29 Chemistry
39:03 Heavy Plow
39:53 Bracer
39:53 Padded Archer Armor
39:41 Town Watch
40:12 Hand Cart
41:30 Elite Genoese Crossbowman
43:56 Leather Archer Armor
44:23 Stone Shaft Mining
44:15 Town Patrol
nono
7:01 Loom
12:56 Feudal Age
17:18 Castle Age
15:39 Double-Bit Axe
15:49 Fletching
16:50 Town Watch
18:16 Bodkin Arrow
19:19 Bow Saw
20:24 Horse Collar
25:13 Wheelbarrow
27:07 Ballistics
30:58 Imperial Age
29:18 Heavy Plow
29:19 Stone Mining
29:53 Padded Archer Armor
30:00 Gold Mining
31:20 Leather Archer Armor
31:52 Bracer
32:56 Chemistry
32:31 Bloodlines
33:28 Parthian Tactics
33:51 Conscription
34:34 Thumb Ring
34:49 Elite Mangudai
36:45 Drill
39:08 Siege Engineers
38:58 Murder Holes
39:14 Masonry
39:35 Scale Barding Armor
39:41 Forging
40:17 Hand Cart
40:40 Gold Shaft Mining
40:44 Stone Shaft Mining
39:38 Capped Ram
41:14 Hoardings
41:05 Onager
41:56 Nomads
43:33 Siege Onager
卢本伟
6:01 Loom
Returned_Legend
4:56 Loom
12:43 Feudal Age
13:20 Town Watch
13:31 Double-Bit Axe
19:06 Castle Age
17:14 Horse Collar
18:04 Gold Mining
19:10 Stone Mining
20:09 Medium Warships
20:14 Bow Saw
21:50 Stone Shaft Mining
21:57 Wheelbarrow
22:29 Padded Archer Armor
24:06 Hand Cart
27:10 Ballistics
31:19 Leather Archer Armor
35:19 Imperial Age
34:33 Scale Barding Armor
34:39 Forging
35:03 Husbandry
35:14 Bloodlines
36:07 Chain Barding Armor
36:26 Conscription
35:40 Cavalier
37:11 Iron Casting
38:36 Capped Ram
42:59 Blast Furnace
42:47 Paladin
44:09 Plate Barding Armor
43:50 Fletching
45:38 Two-Man Saw
45:10 Ring Archer Armor
Cambo
5:28 Loom
13:31 Feudal Age
18:04 Castle Age
16:20 Fletching
17:52 Double-Bit Axe
19:08 Bow Saw
20:12 Bodkin Arrow
23:35 Horse Collar
30:43 Wheelbarrow
36:29 Imperial Age
36:07 Scale Barding Armor
36:12 Forging
37:16 Chain Barding Armor
37:41 Bloodlines
37:31 Husbandry
36:54 Cavalier
39:57 Plate Barding Armor
VaultBoy
5:18 Loom
17:50 Feudal Age
18:40 Double-Bit Axe
22:06 Castle Age
23:21 Bow Saw
24:35 Fletching
29:43 Wheelbarrow
29:55 Horse Collar
30:55 Bodkin Arrow
32:49 Ballistics
33:10 Hand Cart
34:40 Husbandry
38:53 Imperial Age
36:34 Padded Archer Armor
37:17 Thumb Ring
37:56 Masonry
39:36 Bracer
40:39 Chemistry
40:24 Leather Archer Armor
41:43 Ring Archer Armor
41:13 Elite Elephant Archer
43:23 Medical Corps
da.mighty.sloth
13:14 Feudal Age
11:37 Loom
17:11 Castle Age
15:12 Horse Collar
16:09 Double-Bit Axe
32:53 Imperial Age
31:05 Bow Saw
32:34 Wheelbarrow
32:39 Bloodlines
32:59 Cavalier
34:35 Scale Barding Armor
36:55 Chain Barding Armor
37:30 Fletching
39:09 Bodkin Arrow
Connection lost

Rejoining the realm…

Still unreachable

The connection could not be restored.

Session expired

The server has moved on; the page needs a fresh start.